 Dungeon Crawl Stone Soup version 0.30-a0-728-gc68057be0a (webtiles) character file.

Game seed: 8693344857547762107

356 M4edhros the Insei (level 6, -2/38 HPs)
             Began as an Octopode Artificer on Jan 31, 2023.
             Succumbed to Duvessa's poison
             ... on level 6 of the Dungeon.
             The game lasted 00:02:21 (601 turns).

M4edhros the Insei (Octopode Artificer)              Turns: 601, Time: 00:02:22

Health: -2/38      AC:  1    Str:  9 (11) XL:     6   Next: 63%
Magic:  6/6        EV: 13    Int: 13 (14) God:
Gold:   46         SH:  0    Dex: 14      Spells: 5/5 levels left

rFire   . . .      SeeInvis .      - Unarmed
rCold   . . .      Faith    .    (no shield)
rNeg    . . .      Spirit   .    (helmet restricted)
rPois   .          Reflect  .    (no amulet)
rElec   .          Harm     .    (no ring)
rCorr   .          Rampage  .    (no ring)
Will    .....                    (no ring)
Stlth   +++                      (no ring)
HPRegen 0.26/turn                (no ring)
MPRegen 0.10/turn                (no ring)
                                 (no ring)
                                 (no ring)

@: lethally poisoned (-2 -> -21)
A: almost no armour, amphibious, 8 rings, camouflage 1, gelatinous body 1,
(nimble swimmer 1), tentacles
a: no special abilities


You were on level 6 of the Dungeon.
You visited 1 branch of the dungeon, and saw 6 of its levels.

You collected 46 gold pieces.

Inventory:

Wands
 b - a wand of flame (4) (quivered)
 c - a wand of charming (12)
 d - a wand of iceblast (5)
Scrolls
 a - 3 scrolls of identify {unknown}
 f - a scroll of silence {unknown}
 h - a scroll of fog {unknown}
 i - a scroll of teleportation {unknown}
 j - a scroll of magic mapping {unknown}
 k - 2 scrolls of noise {unknown}
Potions
 l - a potion of might


   Skills:
 - Level 1.0 Fighting
 - Level 2.3 Dodging
 - Level 1.3 Stealth
 + Level 6.4 Unarmed Combat
 - Level 3.2 Evocations


You had 5 spell levels left.
You didn't know any spells.
Your spell library contained the following spells:

 Spells                   Type           Power      Damage    Failure   Level
 Cigotuvi's Dreadful Rot  Necr/Pois/Air  0%         N/A       43%         2
 Dispel Undead            Necr           0%         3d6       97%         4
 Death Channel            Necr           0%         N/A       100%        6


Dungeon Overview and Level Annotations

Branches:
Dungeon (6/15)
 Temple: D:4-7

Altars:
Elyvilon

Annotations:
D:4 Grinder
D:5 Sigmund
D:6 Dowan


Innate Abilities, Weirdness & Mutations

You cannot wear most types of armour.
You are amphibious.
You can wear up to eight rings at the same time.
Your skin changes colour to match your surroundings (Stealth+).
Your rubbery body absorbs attacks. (AC +1, EV +1)
((You are camouflaged when in or above water. (Stealth+)))
You have tentacles for arms and can constrict up to eight enemies at once.


Message History

Aiming: Throw Flame
Press: ? - help, Shift-Dir - straight line, f - Duvessa
Aim: Duvessa, wielding a +1 short sword of venom and wearing a +0 leather armour (heavily wounded, constricted by you, fast, 100% to hit)
The puff of flame hits Duvessa.
Duvessa is heavily wounded.
You constrict Duvessa, but do no damage.
You feel very sick.
Duvessa is engulfed in a cloud of scalding steam.
Duvessa hits you with a +1 short sword of venom!
* * * LOW HITPOINT WARNING * * *
You are more poisoned.
Duvessa is engulfed in a cloud of scalding steam.
Duvessa barely misses you.
Okay, then.
Aiming: Throw Flame
Press: ? - help, Shift-Dir - straight line, f - Duvessa
Aim: Duvessa, wielding a +1 short sword of venom and wearing a +0 leather armour (steam, severely wounded, constricted by you, fast, 100% to hit)
The puff of flame hits Duvessa.
Duvessa is almost dead.
You constrict Duvessa.
You kill Duvessa!
Dowan's eyes darken. "You have made a black mistake."
Dowan seems to find hidden reserves of power!
You hear a splash. x2
* * * LOW HITPOINT WARNING * * *
You feel very sick.
Dowan gestures wildly while chanting.
Dowan blinks!
You feel your dexterity returning.
Your Unarmed Combat skill increases to level 6!
Unknown command.
Press < or > to pray at altars.
Unknown command.
Press < or > to pray at altars.
Aiming: Throw Flame
Press: ? - help, Shift-Dir - straight line, f - orc
Aim: an orc, wielding a +0 flail and wearing a +0 chain mail (heavily wounded, 79% to hit)
The puff of flame hits the orc.
The orc is heavily wounded.
You die...

..... .....
♣♣...♣♣ ♣♣.....♣♣
♣♣...(...♣♣
♣...≈~≈...♣
♣♣..≈≈~≈≈..♣♣
♣...~~@~~...♣
♣♣..≈≈§≈≈.^♣♣
♣..o≈o≈...♣ #..
♣♣.......♣♣
#..### ♣♣.....♣♣
#....# ♣♣...♣♣
....# ♣♣e....♣♣
#..## ♣♣.......♣♣
#...##♣...≈~≈...♣


You could see Dowan (fast) and 2 orcs.

Vanquished Creatures
  Duvessa (D:6)
  A black bear (D:6)
  A scorpion (D:3)
  An iguana (D:6)
  2 orc wizards (D:4)
  A dart slug (D:1)
  2 orcs
  An endoplasm (D:2)
  2 giant cockroaches
  3 goblins
  A hobgoblin (D:2)
  2 kobolds
  6 ball pythons
  A bat (D:3)
  A frilled lizard (D:3)
26 creatures vanquished.

Vanquished Creatures (collateral kills)
  A bat (D:3)
  A hobgoblin (D:3)
2 creatures vanquished.

Vanquished Creatures (others)
  A hound (D:5)
1 creature vanquished.

Grand Total: 29 creatures vanquished

Notes
Turn   | Place    | Note
-------+----------+-------------------------------------------
     0 | D:1      | M4edhros the Octopode Artificer began the quest for the
                  | Orb.
     0 | D:1      | Reached XP level 1. HP: 13/13 MP: 1/1
    46 | D:1      | Reached skill level 1 in Unarmed Combat
   112 | D:1      | Reached XP level 2. HP: 18/18 MP: 2/2
   224 | D:2      | Reached skill level 2 in Unarmed Combat
   247 | D:3      | Noticed a scorpion
   253 | D:3      | Killed a scorpion
   254 | D:3      | Reached skill level 3 in Unarmed Combat
   254 | D:3      | Reached XP level 3. HP: 22/23 MP: 3/3
   254 | D:3      | Reached XP level 4. HP: 26/28 MP: 4/4
   304 | D:3      | Noticed Grinder
   398 | D:4      | Reached skill level 4 in Unarmed Combat
   402 | D:4      | Reached XP level 5. HP: 14/33 MP: 5/5
   419 | D:5      | Entered Level 5 of the Dungeon
   486 | D:5      | Noticed Sigmund
   512 | D:6      | Noticed Dowan
   565 | D:6      | Reached skill level 5 in Unarmed Combat
   578 | D:6      | Noticed a black bear
   579 | D:6      | Found a white marble altar of Elyvilon.
   588 | D:6      | Noticed Duvessa
   594 | D:6      | Killed a black bear
   595 | D:6      | Reached XP level 6. HP: 38/38 MP: 6/6
   600 | D:6      | Killed Duvessa
   601 | D:6      | Reached skill level 6 in Unarmed Combat
   601 | D:6      | Succumbed to Duvessa's poison

Illustrated notes

Levels and vault maps discovered:
D:1:      onia_arrival_mini_maze_b, layout_rooms, serial_forest,
          infiniplex_forest_fountain, infiniplex_forest_clump_medium,
          infiniplex_forest_lined_room_3, infiniplex_forest_lined_4_way,
          infiniplex_forest_straight_2, infiniplex_forest_lined_corner,
          infiniplex_forest_clump_tiny, infiniplex_forest_clump_medium,
          infiniplex_forest_clump_medium, ebering_ecumenical_altar_mist
D:2:      layout_basic
D:3:      layout_rooms, serial_shops, nicolae_shop_behind_doors, uniq_ijyb,
          uniq_grinder
D:4:      layout_loops_cross, grunt_dithmenos_smoke
D:5:      layout_rooms, mainiacjoe_overflow_chevrons, serial_shops,
          nicolae_shop_window_shopping, uniq_sigmund
D:6:      layout_cave_pools, lemuel_coloured_pillars_altar, marbit_many_paths,
          elyvilon_altar_3, minmay_temple_entry_poolview, gammafunk_ghost_grave,
          minmay_hedge_maze, uniq_eustachio, uniq_maggie, uniq_duvessa

Skill      XL: |  1  2  3  4  5  6 |
---------------+-------------------+-----
Unarmed Combat | 1 3 4 5 6 |  6.4
Fighting       | |  1.0
Dodging        | |  2.3
Stealth        | |  1.3
Evocations     | |  3.2

Action                     |  1- 3 |  4- 6 || total
---------------------------+-------+-------++-------
  Melee: Unarmed           |    24 |    39 ||    63
         Constrict         |     9 |     7 ||    16
         Tentacles         |     5 |     6 ||    11
         Punch             |       |     1 ||     1
  Evoke: Wand              |     3 |    11 ||    14
    Use: Potion            |       |     7 ||     7
   Stab: Sleeping          |     2 |     3 ||     5
 Armour: Skin              |     3 |     2 ||     5
  Dodge: Dodged            |    12 |    23 ||    35

Table legend: (Time is in decaauts)
 A = Elapsed time spent in this place.
 B = Non-inter-level travel time spent in this place.
 C = Inter-level travel time spent in this place.
 D = Time resting spent in this place.
 E = Time spent auto-exploring this place.
 F = Levels seen in this place.
 G = Mean time per level.
                   A        B        C        D        E       F      G
               +--------+--------+--------+--------+--------+-----+--------+
         Total |    596 |    577 |     19 |      0 |    224 |   6 |   99.3 |
       Dungeon |    596 |    577 |     19 |      0 |    224 |   6 |   99.3 |
               +--------+--------+--------+--------+--------+-----+--------+

Top non-repeatable levels by time:
     D:1: 124 daAuts
     D:2: 121 daAuts
     D:4: 101 daAuts
     D:5: 90 daAuts
     D:6: 89 daAuts
     D:3: 68 daAuts
